 Dungeon Crawl Stone Soup version 0.25.1-2-g60ff931df9 (webtiles) character file.

Game seed: 2298121247157359464

1029972 gruber the Gnoll Barricade (level 27, -1/234 (235) HPs)
             Began as a Gnoll Ice Elementalist on Oct 28, 2020.
             Was the Champion of Vehumet.
             Slain by a bone dragon (7 damage)
             ... created by the effects of Hell
             ... on level 2 of Tartarus on Nov 1, 2020.
             The game lasted 05:16:00 (130796 turns).

gruber the Gnoll Barricade (GnIE)                 Turns: 130796, Time: 05:16:02

HP:   -1/234 (235)  AC: 32    Str: 13    XL:     27
MP:   0/60          EV: 27    Int: 57    God:    Vehumet [******]
Gold: 7117          SH: 11    Dex: 16    Spells: 19/72 levels left

rFire    . . .     SeeInvis +   B - +2 long sword of Charity {drain, Int+4 SInv}
rCold    + + +     Gourm    .   Z - +0 buckler "Bowiv Eqevo" {MR- rCorr Int+8}
rNeg     + + +     Faith    .   F - quicksilver dragon scales of Hide-and-Seek {rC+ MR+ Int+4}
rPois    +         Spirit   +   S - +3 hat of Pondering {ponderous, MR+ MP+10 Int+5}
rElec    +         Reflect  .   T - +4 dragonskin cloak
rCorr    +         Harm     .   r - +0 pair of gloves
MR       +++..                  O - +1 pair of boots of Honour {Int+4}
Stlth    ++++++++..             e - amulet of the Skies Above {Spirit *Slow rElec rPois rN++}
HPRegen  0.49/turn              M - ring "Ilasatou" {rC+ rN+ Str+2 Slay+5}
MPRegen  0.37/turn              W - +6 ring of intelligence

@: lethally poisoned (-1 -> -2), slow
A: distributed training, fangs 1, horns 1, clumsy 1, dopey 1, strong nose
}: 6/15 runes: decaying, silver, obsidian, icy, abyssal, gossamer
a: Renounce Religion


You were on level 2 of Tartarus.
You worshipped Vehumet.
Vehumet was exalted by your worship.
You were not hungry.

You visited 16 branches of the dungeon, and saw 72 of its levels.
You visited the Abyss 1 time.
You also visited: Sewer, Ossuary and Ice Cave.

You collected 9767 gold pieces.
You spent 2650 gold pieces at shops.

Inventory:

Hand Weapons
 B - the +2 long sword of Charity (weapon) {drain, Int+4 SInv}
   (You found it on level 5 of the Vaults)

   A truly terrible weapon, it drains the life of those it strikes.
   It affects your intelligence (+4).
   It lets you see invisible.
 C - the +3 dagger "Suysyce" {venom, rN+ MR++}
   (You found it on level 3 of the Elven Halls)

   It poisons the flesh of those it strikes.
   It protects you from negative energy.
   It affects your resistance to hostile enchantments.
Missiles
 i - 17 curare-tipped darts
 V - 15 javelins (quivered)
Armour
 r - a +0 pair of gloves (worn)
 F - the quicksilver dragon scales of Hide-and-Seek (worn) {rC+ MR+ Int+4}
   (You bought it in a shop on level 2 of the Orcish Mines)

   It affects your intelligence (+4).
   It protects you from cold.
   It affects your resistance to hostile enchantments.
 O - the +1 pair of boots of Honour (worn) {Int+4}
   (You found it on level 7 of Cocytus)

   It affects your intelligence (+4).
 S - the +3 hat of Pondering (worn) {ponderous, MR+ MP+10 Int+5}
   (You took it off Gastronok on level 8 of the Dungeon)

   It affects your intelligence (+5).
   It affects your resistance to hostile enchantments.
   It affects your magic capacity (+10).
 T - the +4 dragonskin cloak (worn)
   (You took it off Tiamat on level 2 of the Realm of Zot)
 Z - the +0 buckler "Bowiv Eqevo" (worn) {MR- rCorr Int+8}
   (You bought it in a shop on level 2 of the Orcish Mines)

   It affects your intelligence (+8).
   It affects your resistance to hostile enchantments.
   It provides partial protection from all sources of acid and corrosion.
Jewellery
 e - the amulet of the Skies Above (around neck) {Spirit *Slow rElec rPois rN++}
   (You acquired it on level 5 of the Lair of Beasts)

   [amulet of guardian spirit]

   It causes incoming damage to be split between your health and magic.
   It insulates you from electricity.
   It protects you from poison.
   It greatly protects you from negative energy.
   It may slow you when you take damage.
 k - a ring of the Octopus King {AC+1 EV+1 Str+1 Int+1 Dex+1 SInv}
   (You found it on level 5 of the Vaults)

   [ring of see invisible]

   It affects your AC (+1).
   It affects your evasion (+1).
   It affects your strength (+1).
   It affects your intelligence (+1).
   It affects your dexterity (+1).
   It lets you see invisible.
 v - an uncursed ring of protection from fire
 M - the ring "Ilasatou" (left hand) {rC+ rN+ Str+2 Slay+5}
   (You found it on level 3 of the Crypt)

   [ring of positive energy]

   It affects your strength (+2).
   It affects your accuracy and damage with ranged weapons and melee attacks
   (+5).
   It protects you from cold.
   It protects you from negative energy.
 W - a +6 ring of intelligence (right hand)
Wands
 a - a wand of clouds (2)
 m - a wand of polymorph (47)
 p - a wand of flame (113)
 t - a wand of enslavement (31)
 y - a wand of disintegration (24)
 D - a wand of paralysis (23)
 G - a wand of digging (22)
 N - a wand of iceblast (42)
 U - a wand of acid (3)
Scrolls
 d - 14 scrolls of fog
 f - 10 scrolls of immolation
 h - 17 scrolls of magic mapping
 j - 11 scrolls of fear
 l - a scroll of summoning
 q - 6 scrolls of blinking
 s - 3 scrolls of holy word
 w - 15 scrolls of teleportation
 E - 2 scrolls of silence
 J - 25 scrolls of remove curse
Potions
 b - 7 potions of might
 g - 25 potions of curing
 n - 10 potions of brilliance
 o - 13 potions of heal wounds
 u - 8 potions of haste
 x - 4 potions of magic
 z - 12 potions of lignification
 A - 14 potions of stabbing
 K - a potion of cancellation
 P - 3 potions of resistance
 Q - 6 potions of flight
 R - 2 potions of ambrosia
 X - 4 potions of invisibility
Comestibles
 c - 62 rations


   Skills:
 + Level 23.1 Fighting
 + Level 23.1 Short Blades
 + Level 23.1 Long Blades
 + Level 23.1 Axes
 + Level 23.1 Maces & Flails
 + Level 23.1 Polearms
 + Level 23.1 Staves
 + Level 23.1 Slings
 + Level 23.1 Bows
 + Level 23.1 Crossbows
 + Level 23.1 Throwing
 + Level 23.1 Armour
 + Level 23.4 Dodging
 + Level 23.4 Stealth
 O Level 27 Shields
 + Level 23.1 Unarmed Combat
 + Level 23.4 Spellcasting
 + Level 20.1 Conjurations
 + Level 20.1 Hexes
 + Level 20.1 Charms
 + Level 20.1 Summonings
 + Level 20.1 Necromancy
 + Level 20.1 Translocations
 + Level 20.1 Transmutations
 + Level 20.1 Fire Magic
 + Level 20.9 Ice Magic
 + Level 20.1 Air Magic
 + Level 20.1 Earth Magic
 + Level 20.1 Poison Magic
 + Level 24.8 Invocations
 + Level 23.1 Evocations


You had 19 spell levels left.
You knew the following spells:

 Your Spells              Type           Power        Failure   Level  Hunger
a - Freeze                Ice            ####         0%          1    None
b - Frozen Ramparts       Ice            ######       0%          3    None
c - Ignition              Fire           ########..   1%          8    None
d - Summon Ice Beast      Ice/Summ       ########     0%          4    None
e - Lehudib's Crystal Sp  Conj/Erth      ########..   1%          8    None
f - Freezing Cloud        Conj/Ice/Air   ########..   0%          6    None
g - Blink                 Tloc           N/A          0%          2    None
h - Ozocubu's Refrigerat  Ice            ########..   0%          6    None
i - Bolt of Magma         Conj/Fire/Erth ########..   0%          5    None
j - Borgnjor's Vile Clut  Necr/Erth      ########..   0%          5    None
k - Aura of Abjuration    Summ           ########..   0%          5    None

Your spell library contained the following spells:

 Spells                   Type           Power        Failure   Level  Hunger
 Chain Lightning          Conj/Air       ########..   1%          8    None
 Shatter                  Erth           ########..   1%          9    None
 Animate Skeleton         Necr           N/A          0%          1    None
 Apportation              Tloc           ######       0%          1    None
 Beastly Appendage        Tmut           ######       0%          1    None
 Corona                   Hex            #######      0%          1    None
 Foxfire                  Conj/Fire      ####         0%          1    None
 Magic Dart               Conj           ####         0%          1    None
 Pain                     Necr           ####         0%          1    None
 Sandblast                Erth           ######       0%          1    None
 Shock                    Conj/Air       ####         0%          1    None
 Sting                    Tmut/Pois      ####         0%          1    None
 Summon Butterflies       Summ           ########     0%          1    None
 Summon Small Mammal      Summ           ####         0%          1    None
 Call Imp                 Summ           ########     0%          2    None
 Ensorcelled Hibernation  Hex/Ice        ######       0%          2    None
 Passwall                 Tmut/Erth      ########     0%          2    None
 Poisonous Vapours        Pois/Air       ######       0%          2    None
 Searing Ray              Conj           ######       0%          2    None
 Shroud of Golubria       Chrm/Tloc      ######       0%          2    None
 Slow                     Hex            ########     0%          2    None
 Sticks to Snakes         Tmut           ########     0%          2    None
 Swiftness                Chrm/Air       ########     0%          2    None
 Call Canine Familiar     Summ           ########     0%          3    None
 Confusing Touch          Hex            ########     0%          3    None
 Conjure Flame            Conj/Fire      ########     0%          3    None
 Dazzling Flash           Conj/Hex       ######       0%          3    None
 Gell's Gravitas          Tloc           ########..   0%          3    None
 Ignite Poison            Fire/Tmut/Pois ########     0%          3    None
 Inner Flame              Hex/Fire       ########     0%          3    None
 Lesser Beckoning         Tloc           ########..   0%          3    None
 Mephitic Cloud           Conj/Pois/Air  ########     0%          3    None
 Ozocubu's Armour         Chrm/Ice       ########     0%          3    None
 Portal Projectile        Hex/Tloc       ######       0%          3    None
 Recall                   Summ/Tloc      N/A          0%          3    None
 Spider Form              Tmut/Pois      ########..   0%          3    None
 Static Discharge         Conj/Air       ########     0%          3    None
 Stone Arrow              Conj/Erth      ######       0%          3    None
 Teleport Other           Tloc           ########     0%          3    None
 Tukima's Dance           Hex            ########     0%          3    None
 Airstrike                Air            ########..   0%          4    None
 Animate Dead             Necr           N/A          0%          4    None
 Cause Fear               Hex            ########..   0%          4    None
 Dispel Undead            Necr           ########     0%          4    None
 Fulminant Prism          Conj/Hex       ########..   0%          4    None
 Hailstorm                Conj/Ice       ########     0%          4    None
 Ice Form                 Ice/Tmut       ########     0%          4    None
 Iskenderun's Mystic Bla  Conj/Tloc      ########     0%          4    None
 Leda's Liquefaction      Hex/Erth       ########..   0%          4    None
 Olgreb's Toxic Radiance  Pois           ########     0%          4    None
 Passage of Golubria      Tloc           N/A          0%          4    None
 Petrify                  Tmut/Erth      ########     0%          4    None
 Sticky Flame             Conj/Fire      ########     0%          4    None
 Summon Lightning Spire   Summ/Air       ########     0%          4    None
 Blade Hands              Tmut           ########..   0%          5    None
 Excruciating Wounds      Chrm/Necr      ########..   0%          5    None
 Fireball                 Conj/Fire      ########..   0%          5    None
 Irradiate                Conj/Tmut      ########..   0%          5    None
 Lee's Rapid Deconstruct  Erth           ########..   0%          5    None
 Lightning Bolt           Conj/Air       ########..   0%          5    None
 Metabolic Englaciation   Hex/Ice        ########..   0%          5    None
 Silence                  Hex/Air        ########..   0%          5    None
 Summon Demon             Summ           ########..   0%          5    None
 Summon Forest            Summ/Tloc      ########..   0%          5    None
 Summon Mana Viper        Hex/Summ       ########     0%          5    None
 Yara's Violent Unravell  Hex/Tmut       ########..   0%          5    None
 Darkness                 Hex            ########..   0%          6    None
 Death Channel            Necr           ########..   0%          6    None
 Dispersal                Tloc           ########..   0%          6    None
 Hydra Form               Tmut           ########..   0%          6    None
 Shadow Creatures         Summ           N/A          0%          6    None
 Simulacrum               Ice/Necr       ########..   0%          6    None
 Starburst                Conj/Fire      ########..   0%          6    None
 Statue Form              Tmut/Erth      ########.    0%          6    None
 Dragon Form              Tmut           ########..   1%          7    None
 Malign Gateway           Summ/Tloc      ########..   1%          7    None
 Monstrous Menagerie      Summ           ########..   1%          7    None
 Ring of Flames           Chrm/Fire      ########..   1%          7    None
 Summon Greater Demon     Summ           ########..   1%          7    None
 Controlled Blink         Tloc           N/A          1%          8    None
 Disjunction              Tloc           ########..   1%          8    None
 Summon Horrible Things   Summ           ########..   1%          8    None


Dungeon Overview and Level Annotations

Branches:
Dungeon (15/15)            Temple (1/1) D:5            Lair (6/6) D:8
  Swamp (4/4) Lair:2       Spider (4/4) Lair:4        Slime (2/5) Lair:6
    Orc (2/2) D:11            Elf (3/3) Orc:2        Vaults (5/5) D:14
  Crypt (3/3) Vaults:2       Tomb (0/3) Crypt:3      Depths (5/5) D:15
   Hell (visited)             Dis (0/7) Hell            Geh (7/7) Hell
    Coc (7/7) Hell            Tar (2/7) Hell            Zot (5/5) Depths:5
  Sewer (visited)         Ossuary (visited)           IceCv (visited)

Altars:
Ashenzari
Cheibriados
Dithmenos
Elyvilon
Fedhas
Gozag
Hepliaklqana
Kikubaaqudgha
Makhleb
Nemelex Xobeh
Okawaru
Qazlal
Ru
Sif Muna
Trog
Uskayaw
Vehumet
Wu Jian
Xom
Yredelemnul
Zin
The Shining One
Beogh

Shops:
D:4 }   D:5 ?   D:15 ?   Orc:2 [[(=   Elf:2 =   Vaults:1 =   Vaults:5 !
Depths:2 }   Depths:5 %

Portals:
Hell: Depths:1 Depths:2 Depths:3 Depths:4 Depths:5
Abyss: Depths:4
Pandemonium: Depths:1 Depths:3 Depths:4 Depths:5
Ziggurat: Depths:1

Annotations:
D:9 2 transporters, Ucuedir's ghost, novice TrWr
D:11 1 runed translucent door
Lair:3 2 transporters, Frank's ghost, journeyman DsGl
Vaults:5 Mennas


Innate Abilities, Weirdness & Mutations

Your experience applies equally to all skills.
You have very sharp teeth.
Your uncanny sense of smell can sniff out nearby items.
You have a pair of small horns on your head.
You are clumsy. (Dex -2)
You are dopey. (Int -2)


Message History

You slash the bone dragon!
The bone dragon is almost destroyed.
You feel sick.
The bone dragon bites you but does no damage.
The bone dragon claws you.
* * * LOW HITPOINT WARNING * * *
The bone dragon barely misses you.
Unknown command.
Unknown command.
You hit the bone dragon. Your headbutt misses the bone dragon.
The bone dragon is almost destroyed.
Unknown command.
Unknown command.
You hit the bone dragon.
The bone dragon is almost destroyed.
The bone dragon is engulfed in freezing vapours.
The bone dragon bites you!
* * * LOW HITPOINT WARNING * * *
The bone dragon claws you!
You die...

........#.#........
.........#........
####....1..#........
##..#..2Z...##.......
#...#h.D#... #...#.#.
#...#§§1#.. #########
#...#§§§#...#...##.#.
#...#D§§#...'...'....
#...@#.###.##...##.#.
+...#### ####...#####
#... .........#.#.
#..# .............
#.. ............. #..
#...#..#...#. ##
#############


You could see a bone dragon, a shadow dragon, 2 Tzitzimimeh, a reaper, a hell
hound and a dire elephant zombie.

Vanquished Creatures
  Antaeus (Coc:7)
  Asmodeus (Geh:7)
  the Serpent of Hell (Geh:7)
  Tiamat (Zot:2)
  Khufu (Crypt:3)
  Mara (Elf:3)
  2 ancient liches
  3 juggernauts
  A greater mummy (Crypt:3)
  Sojobo (Depths:2)
  the Lernaean hydra (Swamp:4)
  Bai Suzhen (Depths:2)
  Frederick (Depths:5)
  A caustic shrike (Depths:4)
  42 shard shrikes
  A curse toe (Zot:1)
  Saint Roka (Crypt:2)
  Geryon (Hell)
  9 golden dragons
  Nikola (Swamp:1)
  Jory (Vaults:2)
  14 liches
  67 Brimstone Fiends
  21 bone dragons
  10 doom hounds
  15 Tzitzimimeh
  A hellephant (Depths:3)
  Jorgrun (D:15)
  35 Ice Fiends
  17 tentacled monstrosities
  7 Orb Guardians (Zot:5)
  A deep elf blademaster (Elf:3)
  6 acid blobs
  4 titans (Vaults:5)
  2 deep elf master archers (Elf:3)
  7 quicksilver dragons
  5 sphinxes
  2 tentacled starspawn
  4 death cobs
  Gastronok (D:8)
  6 ancient champions
  A thorn hunter (Swamp:2)
  Kirke (Elf:1)
  7 tengu reavers
  6 storm dragons
  2 azure jellies
  Roxanne (D:15)
  6 draconian monks
  12 shadow dragons
  Donald (Spider:2)
  2 revenants (Crypt:1)
  5 fire giants
  18 frost giants
  19 vault wardens
  8 draconian scorchers
  5 deep elf sorcerers
  7 ghost moths
  3 orc warlords
  18 balrugs
  An iron dragon (Depths:4)
  A cacodemon (Hell)
  7 draconian knights
  3 draconian shifters
  Aizul (Depths:2)
  A juggernaut zombie (Depths:2)
  3 spriggan defenders (Depths:3)
  6 emperor scorpions
  An angel (Abyss:3)
  7 draconian annihilators
  7 deep elf elementalists
  7 elemental wellsprings
  10 ghouls
  71 reapers
  A caustic shrike skeleton (Depths:2)
  2 curse skulls (Crypt:2)
  19 stone giants
  4 draconian stormcallers
  7 war gargoyles
  21 very ugly things
  8 ironheart preservers
  6 entropy weavers
  15 green draconians
  7 deep elf demonologists
  9 deep elf annihilators
  20 black draconians
  14 red draconians
  8 vampire knights
  16 dire elephants
  6 white draconians
  A lorocyproca (Abyss:3)
  3 eidola
  An ettin (shapeshifter) (Abyss:3)
  17 yellow draconians
  5 crystal guardians
  8 deep elf death magi
  A death ooze (Slime:1)
  A green death (Zot:5)
  18 purple draconians
  13 quicksilver dragon zombies
  23 blizzard demons
  7 spark wasps
  A merfolk impaler (Depths:2)
  14 yaktaur captains
  8 jiangshi
  12 ettins
  15 fire dragons
  12 great orbs of eyes
  3 kraken zombies
  Josephine (D:15)
  8 deep elf high priests
  30 vault guards
  10 ogre magi
  6 rakshasas
  18 hydras
  48 ice dragons
  4 death knights
  7 quicksilver dragon skeletons
  A naga warrior (Abyss:3)
  A spriggan air mage (Depths:4)
  A catoblepas (Lair:5)
  3 ghost crabs
  6 shambling mangroves
  A hell beast (Depths:1)
  6 centaur warriors
  34 two-headed ogres
  30 dancing weapons
  12 deep troll shamans
  7 alligators
  An alligator (shapeshifter) (Abyss:3)
  8 death scarabs (Spider:4)
  4 orc high priests
  A tengu warrior (Depths:2)
  13 titan zombies
  4 death yaks
  9 deep troll earth magi
  8 vampire magi
  11 spriggans
  10 storm dragon zombies
  5 spriggan berserkers
  73 hell hogs
  11 thrashing horrors
  14 deep elf knights
  18 titan skeletons
  32 sun demons
  11 soul eaters
  A sixfirhy (Hell)
  4 iron golems
  6 shadow wraiths
  3 iron trolls
  A fire crab (Geh:6)
  139 skeletal warriors
  10 large abominations
  2 wretched stars (Abyss:3)
  104 hell knights
  2 spatial maelstroms (Abyss:3)
  6 golden dragon zombies
  A spark wasp zombie (Depths:3)
  A quicksilver dragon simulacrum (Coc:7)
  A spriggan druid (Swamp:4)
  27 deep trolls
  4 ghost moth zombies
  11 storm dragon skeletons
  19 anaconda zombies
  An entropy weaver zombie (Crypt:2)
  A sea snake (shapeshifter) (Depths:2)
  19 flayed ghosts
  A gelid demonspawn (Depths:5)
  12 unseen horrors
  8 glowing orange brains
  4 shadow demons
  2 death drakes (Tar:1)
  A kraken simulacrum (Hell)
  9 deep elf archers
  An infernal demonspawn (Depths:1)
  3 harpies (Vaults:1)
  13 shadow dragon zombies
  3 spectral wolf spiders (Spider:4)
  9 swamp dragons
  12 golden dragon skeletons
  20 phantasmal warriors
  25 necromancers
  20 ironbrand convokers
  6 wizards
  6 iron dragon zombies
  19 anaconda skeletons
  33 ugly things
  31 wolf spiders
  59 deep elf magi
  5 orc sorcerers
  20 orb spiders
  12 stone giant zombies
  21 orc knights
  17 frost giant zombies
  12 fire giant zombies
  7 wolf spider zombies
  4 worldbinders (Abyss:3)
  4 shining eyes
  2 cyclopes
  10 elephants
  14 fire giant skeletons
  11 iron dragon skeletons
  4 salamanders
  22 moths of wrath
  12 shadow dragon skeletons
  A shining eye (shapeshifter) (Vaults:5)
  20 stone giant skeletons
  5 manticores
  An elephant (shapeshifter) (Depths:1)
  20 frost giant skeletons
  A guardian serpent (shapeshifter) (Abyss:3)
  10 rust devils
  13 dire elephant zombies
  6 black mambas
  A black mamba (shapeshifter) (Vaults:5)
  11 vault sentinels
  A guardian serpent (Abyss:3)
  4 ice statues
  28 spiny frogs
  An eye of devastation (Lair:6)
  3 spectral redbacks (Spider:4)
  22 smoke demons
  A torpor snail (Lair:6)
  21 molten gargoyles
  3 orange demons (Hell)
  2 rime drakes
  63 yaktaurs
  A minotaur zombie (Coc:6)
  2 storm dragon simulacra
  2 catoblepas zombies
  45 hellions
  3 kobold demonologists
  11 efreet
  An emperor scorpion zombie (Geh:6)
  16 dire elephant skeletons
  3 komodo dragons
  A komodo dragon (shapeshifter) (Depths:3)
  A purple draconian zombie (Geh:6)
  2 redback zombies (Spider:4)
  36 hydra zombies
  A spark wasp simulacrum (Depths:2)
  19 demonic crawlers
  2 hellwings (Abyss:3)
  66 ice devils
  A tengu conjurer (Depths:1)
  65 tormentors
  4 anaconda simulacra
  A golden dragon simulacrum (Coc:3)
  A shadow dragon simulacrum (Coc:7)
  65 freezing wraiths
  An ancient zyme (Abyss:3)
  A jumping spider (shapeshifter) (Vaults:3)
  A silent spectre (Tar:1)
  51 red devils
  3 harpy zombies
  7 trolls
  36 jumping spiders
  A queen bee (Spider:1)
  A wolf spider simulacrum (D:15)
  3 meliai (Spider:1)
  A polar bear (shapeshifter) (Vaults:3)
  A spectral jumping spider (Spider:4)
  33 hornets
  4 harpy skeletons
  A wind drake (Abyss:3)
  4 catoblepas skeletons
  A troll (shapeshifter) (D:14)
  10 tyrant leeches
  A wind drake (shapeshifter) (Vaults:2)
  A polar bear (Lair:6)
  90 slime creatures
  2 spectral tarantellas (Spider:4)
  16 alligator zombies
  15 hydra skeletons
  9 raiju (Abyss:3)
  26 blink frogs
  8 ice dragon zombies
  20 bog bodies
  Prince Ribbit (D:8)
  2 dream sheep (shapeshifter)
  An iron dragon simulacrum (Coc:7)
  A jumping spider zombie (Spider:4)
  8 fire dragon zombies
  3 hippogriffs
  3 dream sheep
  13 ettin zombies
  3 frost giant simulacra (Coc:7)
  4 starcursed masses (Abyss:3)
  A fire giant simulacrum (Coc:3)
  2 black mamba zombies
  17 small abominations (Abyss:3)
  14 ettin skeletons
  A tarantella zombie (Spider:4)
  7 ice dragon skeletons
  8 alligator skeletons
  69 wraiths
  3 elf skeletons
  45 shadows
  4 air elementals
  9 fire dragon skeletons
  270 flying skulls
  81 redbacks
  24 water elementals
  7 wyverns
  A dire elephant simulacrum (Coc:4)
  27 yaks
  A basilisk (shapeshifter) (Abyss:3)
  A tarantella (shapeshifter) (Vaults:3)
  40 tarantellas
  A vampire (D:11)
  2 ynoxinuls (Abyss:3)
  5 hogs (Elf:1)
  44 fire elementals
  A human (shapeshifter) (Vaults:3)
  6 hungry ghosts
  A golden eye (shapeshifter) (Depths:2)
  11 golden eyes (Slime:1)
  2 basilisks
  2 black mamba skeletons (Geh:7)
  6 chaos spawn
  7 neqoxecs (Abyss:3)
  A steam dragon (D:8)
  2 human simulacra (Vaults:1)
  17 vampire mosquitoes
  2 merfolk zombies
  8 wargs
  A monstrous demonspawn zombie (Coc:5)
  3 spatial vortices (Abyss:3)
  8 insubstantial wisps
  A naga (Abyss:3)
  91 hell hounds
  18 swamp worms
  12 water moccasins
  A hydra simulacrum (Coc:7)
  4 acid dragons
  2 floating eyes
  7 porcupines
  A spectral hornet (Spider:4)
  22 spiny frog zombies
  15 swamp drakes
  A black bear (D:9)
  A black bear (shapeshifter) (Vaults:1)
  A monstrous demonspawn skeleton (Geh:6)
  9 spiny frog skeletons
  24 ice beasts
  70 orc warriors
  7 sky beasts
  35 necrophages
  4 eyes of draining
  2 hornet zombies (Spider:4)
  10 snapping turtle zombies
  5 manticore zombies
  An eye of draining (shapeshifter) (Vaults:4)
  A fire dragon simulacrum (Coc:5)
  An ogre (shapeshifter) (Vaults:2)
  4 swamp dragon zombies
  13 phantoms
  An ettin simulacrum (Coc:4)
  10 boggarts
  37 ogres
  5 wolves (Lair:5)
  17 centaurs
  11 snapping turtle skeletons
  3 swamp dragon skeletons
  7 manticore skeletons
  9 crocodiles
  3 big kobolds
  A big kobold (shapeshifter) (Depths:1)
  A crocodile (shapeshifter) (Abyss:3)
  28 bullfrogs
  A hippogriff skeleton (Crypt:2)
  2 earth elementals
  A gnoll sergeant (Orc:1)
  A deep troll simulacrum (Vaults:3)
  A spiny frog simulacrum (Coc:4)
  A cyclops skeleton (Crypt:1)
  A wyvern skeleton (D:9)
  2 spriggan zombies
  5 scorpions
  2 troll zombies
  163 wights
  25 killer bees
  2 snapping turtle simulacra
  A troll skeleton (Geh:7)
  5 howler monkeys
  2 spriggan skeletons
  29 crimson imps
  A quasit (D:13)
  A bullfrog zombie (D:12)
  6 hounds
  A centaur zombie (Coc:7)
  4 jellies
  3 bullfrog skeletons
  A gnoll shaman (D:6)
  2 human zombies
  39 orc priests
  5 centaur skeletons
  7 iron imps
  2 human skeletons
  5 iguanas
  33 orc wizards
  15 worker ants
  2 killer bee zombies
  3 ogre zombies
  A naga zombie (Coc:3)
  A tengu zombie (Geh:3)
  An acid dragon skeleton (Crypt:1)
  A deep dwarf skeleton (Crypt:1)
  2 tengu skeletons
  A naga skeleton (Geh:5)
  An ogre skeleton (Hell)
  3 hound skeletons
  A hound zombie (D:9)
  A howler monkey zombie (Crypt:1)
  11 mummies
  A worker ant zombie (D:5)
  24 gnolls
  A howler monkey skeleton (D:7)
  11 adders
  9 river rats
  25 shadow imps
  44 white imps
  6 ufetubi
  2 adder zombies
  An ooze (D:1)
  3 adder skeletons
  A lava snake skeleton (Crypt:1)
  A worm (D:3)
  A barachi zombie (Crypt:2)
  A dart slug (D:2)
  9 leopard geckos
  An orc (shapeshifter) (Abyss:3)
  130 orcs
  13 ball pythons
  A ball python (shapeshifter) (Abyss:3)
  3 bats (shapeshifter) (Abyss:3)
  A bat skeleton (Crypt:1)
  4 giant cockroaches
  A giant cockroach (shapeshifter) (Abyss:3)
  4 goblins
  A goblin (shapeshifter) (Abyss:3)
  12 hobgoblins
  10 jackals
  A jackal (shapeshifter) (Abyss:3)
  24 kobolds
  4 quokkas
  A quokka (shapeshifter) (Abyss:3)
  5 bats
  10 frilled lizards
  2 gnoll zombies
  A goblin skeleton (Crypt:2)
  A hobgoblin zombie (Ossuary)
  2 jackal zombies
  A kobold zombie (Ossuary)
  2 leopard gecko zombies (D:5)
  3 orc zombies
  A quokka zombie (D:8)
  26 rats
  2 butterflies (Lair:6)
  4 crawling corpses (Elf:3)
  21 fungi
  2 lurking horrors (Abyss:3)
  47 plants
  A starspawn tentacle (Abyss:1)
  4 tentacles
5293 creatures vanquished.

Vanquished Creatures (collateral kills)
  A very ugly thing (Swamp:4)
  Fannar (Lair:2)
  2 hydras
  A skeletal warrior (D:11)
  A deep troll (D:9)
  A phantasmal warrior (D:13)
  A sphinx skeleton (Depths:3)
  An elephant (Lair:6)
  A spriggan zombie (Depths:3)
  A stone giant skeleton (Vaults:3)
  2 black mambas
  3 spiny frogs
  2 trolls
  2 tyrant leeches (Lair:6)
  2 slime creatures (D:12)
  A harpy skeleton (D:14)
  3 blink frogs (Lair:6)
  A fire dragon skeleton (Crypt:2)
  6 dream sheep
  A centaur simulacrum (D:12)
  An ettin skeleton (Vaults:3)
  2 shadows
  A yak (Lair:1)
  A ynoxinul (Depths:1)
  An elf zombie (Depths:3)
  A vampire mosquito (Lair:6)
  A sky beast (D:6)
  An eye of draining (D:11)
  2 wolves (Lair:5)
  A phantom (D:9)
  4 bullfrogs
  A wyvern skeleton (D:11)
  An electric eel (Lair:1)
  A nameless horror (Ossuary)
  2 wights (D:14)
  A bullfrog zombie (D:5)
  3 centaur zombies
  5 centaur skeletons
  A hound (D:10)
  A jelly (D:11)
  A bullfrog skeleton (D:6)
  A hound skeleton (D:5)
  6 mummies (Ossuary)
  A worker ant zombie (D:5)
  A shadow imp (D:14)
  A gnoll zombie (Ossuary)
  2 hobgoblin zombies (Ossuary)
79 creatures vanquished.

Vanquished Creatures (others)
  A fire giant (Vaults:3)
  A draconian knight (Zot:3)
  An elemental wellspring (Coc:7)
  3 hell hogs
  A titan skeleton (Coc:7)
  A fire giant skeleton (Geh:7)
  An ettin zombie (Geh:7)
  An ice dragon zombie (Geh:7)
  A flying skull (Coc:5)
  A wraith (Geh:5)
  A necrophage (Geh:3)
  3 white imps
  7 ufetubi (IceCv)
  A ball lightning (Abyss:3)
  109 fungi
  A lurking horror (Abyss:3)
  120 plants
  5 starspawn tentacles
  18 tentacles
277 creatures vanquished.

Grand Total: 5649 creatures vanquished

Notes
Turn   | Place    | Note
-------+----------+-------------------------------------------
     0 | D:1      | gruber the Gnoll Ice Elementalist began the quest for the
                  | Orb.
     0 | D:1      | Reached XP level 1. HP: 13/13 MP: 6/6
    49 | D:1      | Reached XP level 2. HP: 19/19 MP: 2/7
   678 | D:1      | Reached XP level 3. HP: 25/25 MP: 6/9
   683 | D:1      | Learned a level 3 spell: Frozen Ramparts
   735 | D:1      | Reached skill level 5 in Spellcasting
  1198 | D:2      | Reached skill level 1 in Invocations
  1570 | D:2      | Reached skill level 1 in Fighting
  1570 | D:2      | Reached skill level 1 in Short Blades
  1570 | D:2      | Reached skill level 1 in Long Blades
  1570 | D:2      | Reached skill level 1 in Axes
  1570 | D:2      | Reached skill level 1 in Maces & Flails
  1570 | D:2      | Reached skill level 1 in Polearms
  1570 | D:2      | Reached skill level 1 in Staves
  1570 | D:2      | Reached skill level 1 in Slings
  1570 | D:2      | Reached skill level 1 in Bows
  1570 | D:2      | Reached skill level 1 in Crossbows
  1570 | D:2      | Reached skill level 1 in Throwing
  1570 | D:2      | Reached skill level 1 in Armour
  1570 | D:2      | Reached skill level 1 in Shields
  1570 | D:2      | Reached skill level 1 in Unarmed Combat
  1570 | D:2      | Reached skill level 1 in Evocations
  1754 | D:2      | Reached XP level 4. HP: 29/32 MP: 7/11
  2112 | D:2      | Learned a level 4 spell: Hailstorm
  2117 | D:2      | Learned a level 4 spell: Summon Ice Beast
  2727 | D:3      | Found a glowing drain.
  2731 | D:3      | Reached skill level 1 in Conjurations
  2731 | D:3      | Reached skill level 1 in Hexes
  2731 | D:3      | Reached skill level 1 in Charms
  2731 | D:3      | Reached skill level 1 in Summonings
  2731 | D:3      | Reached skill level 1 in Necromancy
  2731 | D:3      | Reached skill level 1 in Translocations
  2731 | D:3      | Reached skill level 1 in Transmutations
  2731 | D:3      | Reached skill level 1 in Fire Magic
  2731 | D:3      | Reached skill level 1 in Air Magic
  2731 | D:3      | Reached skill level 1 in Earth Magic
  2731 | D:3      | Reached skill level 1 in Poison Magic
  2752 | Sewer    | Entered a sewer
  2825 | Sewer    | Reached XP level 5. HP: 37/37 MP: 8/12
  3426 | Sewer    | Reached XP level 6. HP: 44/44 MP: 9/13
  3430 | Sewer    | Reached skill level 5 in Dodging
  3430 | Sewer    | Reached skill level 2 in Shields
  3579 | D:3      | Found an iron altar of Okawaru.
  4275 | D:4      | Found a blossoming altar of Fedhas.
  4296 | D:4      | Reached XP level 7. HP: 17/50 MP: 9/15
  4370 | D:4      | Found a sand-covered staircase.
  4379 | Ossuary  | Entered an ossuary
  5458 | D:4      | You fall into a shaft and drop 1 floor!
  5458 | D:5      | Entered Level 5 of the Dungeon
  5469 | D:5      | Reached skill level 5 in Stealth
  5651 | D:6      | Reached XP level 8. HP: 36/57 MP: 12/16
  5914 | D:6      | Reached skill level 3 in Shields
  5917 | D:6      | Got a warped chain mail
  7220 | D:6      | Reached XP level 9. HP: 39/65 MP: 12/18
  7554 | D:5      | Found a staircase to the Ecumenical Temple.
  7757 | Temple   | Entered the Ecumenical Temple
  7800 | Temple   | Became a worshipper of Vehumet
  7984 | D:5      | Noticed a troll
  7990 | D:5      | Killed a troll
  7990 | D:5      | Reached skill level 4 in Shields
  8360 | D:5      | Found Retahera's Magic Scroll Shop.
  8368 | D:5      | Bought a scroll of identify for 22 gold pieces
  8368 | D:5      | Bought a scroll of fear for 38 gold pieces
  8368 | D:5      | Bought a scroll of fog for 22 gold pieces
  8368 | D:5      | Bought a scroll of identify for 22 gold pieces
  8368 | D:5      | Bought a scroll of enchant weapon for 82 gold pieces
  8368 | D:5      | Bought a scroll of magic mapping for 38 gold pieces
  8368 | D:5      | Bought a scroll of amnesia for 38 gold pieces
  8368 | D:5      | Identified the +0 chain mail of Vlad {rC+} (You found it on
                  | level 6 of the Dungeon)
  8518 | D:5      | Found a white marble altar of Elyvilon.
  8567 | D:5      | Found a burning altar of Makhleb.
  8731 | D:4      | Found Fieshre's Gadget Shop.
  9246 | D:5      | Bought a scroll of remove curse for 33 gold pieces
  9757 | D:7      | Reached * piety under Vehumet
  9757 | D:7      | Offered knowledge of Foxfire by Vehumet.
 10021 | D:7      | Found a stormy altar of Qazlal.
 10339 | D:7      | Found a glowing silver altar of Zin.
 10340 | D:7      | Noticed an angel
 10346 | D:7      | Found a shimmering altar of Xom.
 10741 | D:8      | Reached skill level 5 in Invocations
 11013 | D:8      | Reached XP level 10. HP: 73/73 MP: 17/20
 11070 | D:8      | Noticed Prince Ribbit
 11078 | D:8      | Killed Prince Ribbit
 11180 | D:8      | Reached ** piety under Vehumet
 11180 | D:8      | Offered knowledge of Magic Dart by Vehumet.
 11485 | D:8      | Reached skill level 5 in Fighting
 11485 | D:8      | Reached skill level 5 in Short Blades
 11485 | D:8      | Reached skill level 5 in Long Blades
 11485 | D:8      | Reached skill level 5 in Axes
 11485 | D:8      | Reached skill level 5 in Maces & Flails
 11485 | D:8      | Reached skill level 5 in Polearms
 11485 | D:8      | Reached skill level 5 in Staves
 11485 | D:8      | Reached skill level 5 in Slings
 11485 | D:8      | Reached skill level 5 in Bows
 11485 | D:8      | Reached skill level 5 in Crossbows
 11485 | D:8      | Reached skill level 5 in Throwing
 11485 | D:8      | Reached skill level 5 in Armour
 11485 | D:8      | Reached skill level 5 in Shields
 11485 | D:8      | Reached skill level 5 in Unarmed Combat
 11485 | D:8      | Reached skill level 5 in Evocations
 11681 | D:8      | Found a staircase to the Lair.
 11966 | D:8      | Found a bloodstained altar of Trog.
 12098 | D:8      | Found a sparkling altar of Nemelex Xobeh.
 12101 | D:8      | Found a snail-covered altar of Cheibriados.
 12104 | D:8      | Found an ornate altar of the Wu Jian Council.
 12120 | D:8      | Noticed Gastronok
 12147 | D:8      | Killed Gastronok
 12439 | D:9      | Reached XP level 11. HP: 81/81 MP: 22/22
 12498 | D:9      | Found a shimmering blue altar of Sif Muna.
 12773 | D:9      | Noticed a two-headed ogre
 12780 | D:9      | Killed a two-headed ogre
 12780 | D:9      | Reached skill level 6 in Shields
 12807 | D:9      | Noticed a wolf spider
 12807 | D:9      | Noticed an orc knight
 12808 | D:9      | Noticed a deep troll
 12813 | D:9      | Killed a wolf spider
 12813 | D:9      | Reached skill level 5 in Conjurations
 12813 | D:9      | Reached skill level 5 in Hexes
 12813 | D:9      | Reached skill level 5 in Charms
 12813 | D:9      | Reached skill level 5 in Summonings
 12813 | D:9      | Reached skill level 5 in Necromancy
 12813 | D:9      | Reached skill level 5 in Translocations
 12813 | D:9      | Reached skill level 5 in Transmutations
 12813 | D:9      | Reached skill level 5 in Fire Magic
 12813 | D:9      | Reached skill level 5 in Air Magic
 12813 | D:9      | Reached skill level 5 in Earth Magic
 12813 | D:9      | Reached skill level 5 in Poison Magic
 12814 | D:9      | Killed an orc knight
 12815 | D:9      | Killed a deep troll
 12986 | D:9      | Noticed Ucuedir's ghost (novice TrWr)
 12989 | D:9      | Found a transporter.
 12996 | D:9      | Found a transporter.
 13125 | D:9      | Offered knowledge of Conjure Flame by Vehumet.
 13285 | D:9      | Found an ancient bone altar of Kikubaaqudgha.
 13689 | Lair:1   | Entered Level 1 of the Lair of Beasts
 14470 | Lair:1   | Reached *** piety under Vehumet
 15054 | Lair:2   | Reached XP level 12. HP: 89/89 MP: 24/24
 15307 | Lair:2   | Offered knowledge of Inner Flame by Vehumet.
 15409 | Lair:2   | Noticed Fannar
 15422 | Lair:2   | Noticed an eight-headed hydra
 15427 | Lair:2   | Killed an eight-headed hydra
 15427 | Lair:2   | Reached skill level 7 in Shields
 15440 | Lair:2   | Noticed a seven-headed hydra
 15444 | Lair:2   | Killed a seven-headed hydra
 15763 | Lair:2   | Found a staircase to the Swamp.
 16022 | D:10     | Entered Level 10 of the Dungeon
 16184 | D:10     | Reached **** piety under Vehumet
 16597 | D:10     | Offered knowledge of Mephitic Cloud by Vehumet.
 16775 | D:11     | Found a glowing golden altar of the Shining One.
 16775 | D:11     | Noticed an angel
 16776 | D:11     | Found a runed translucent door.
 16951 | D:11     | Learned a level 3 spell: Mephitic Cloud
 17747 | D:11     | Found a staircase to the Orcish Mines.
 18003 | D:11     | Reached XP level 13. HP: 98/98 MP: 24/26
 18544 | D:12     | Reached ***** piety under Vehumet
 18544 | D:12     | Offered knowledge of Freezing Cloud by Vehumet.
 18552 | D:12     | Learned a level 6 spell: Freezing Cloud
 18601 | D:12     | Learned a level 4 spell: Sticky Flame
 19375 | D:13     | Reached skill level 8 in Shields
 19668 | Lair:2   | Killed Fannar
 19774 | Lair:3   | Found a transporter.
 19774 | Lair:3   | Found a transporter.
 19774 | Lair:3   | Noticed Frank's ghost (journeyman DsGl)
 21733 | Lair:4   | Found a hole to the Spider Nest.
 21739 | Lair:4   | Reached skill level 10 in Ice Magic
 22412 | Lair:5   | Identified a scroll of acquirement
 22413 | Lair:5   | Acquired the amulet of the Skies Above {Spirit *Slow rElec
                  | rPois rN++}
 23072 | Lair:5   | Reached skill level 10 in Spellcasting
 23080 | Lair:5   | Reached XP level 14. HP: 83/106 MP: 6/28
 23323 | Lair:3   | Got a faintly humming ring mail
 23334 | Lair:3   | Identified the +2 ring mail "Igaose" {SInv} (You found it
                  | on level 3 of the Lair of Beasts)
 23784 | Lair:6   | Entered Level 6 of the Lair of Beasts
 23900 | Lair:6   | Reached skill level 10 in Dodging
 24297 | Lair:6   | Found a staircase to the Slime Pits.
 24306 | Lair:6   | Reached skill level 9 in Shields
 24721 | Lair:6   | Reached skill level 10 in Stealth
 24769 | Lair:6   | Offered knowledge of Ozocubu's Refrigeration by Vehumet.
 24777 | Lair:6   | Learned a level 6 spell: Ozocubu's Refrigeration
 25160 | Lair:6   | Reached skill level 10 in Invocations
 27691 | Orc:1    | Entered Level 1 of the Orcish Mines
 27691 | Orc:1    | Found a shimmering altar of Xom.
 27692 | Orc:1    | Offered knowledge of Conjure Ball Lightning by Vehumet.
 27849 | Orc:2    | Entered Level 2 of the Orcish Mines
 27859 | Orc:2    | Reached XP level 15. HP: 114/114 MP: 29/29
 27872 | Orc:2    | Found a roughly hewn altar of Beogh.
 27876 | Orc:2    | Found a staircase to the Elven Halls.
 28135 | Orc:2    | Found a roughly hewn altar of Beogh.
 28139 | Orc:2    | Found Ramosil's Antique Armour Shoppe.
 28147 | Orc:2    | Bought a dazzling buckler for 275 gold pieces
 28157 | Orc:2    | Identified the +0 buckler "Bowiv Eqevo" {MR- rCorr Int+8}
                  | (You bought it in a shop on level 2 of the Orcish Mines)
 28180 | Orc:2    | Offered knowledge of Starburst by Vehumet.
 28262 | Orc:2    | Noticed an orc warlord
 28266 | Orc:2    | Killed an orc warlord
 28272 | Orc:2    | Found Loacsed's Antique Armour Boutique.
 28272 | Orc:2    | Found a roughly hewn altar of Beogh.
 28358 | Orc:2    | Found Igyvauw's Antique Weapon Shop.
 28764 | Orc:2    | Found a roughly hewn altar of Beogh.
 28765 | Orc:2    | Found Lasod's Jewellery Shop.
 28833 | Orc:2    | Found a roughly hewn altar of Beogh.
 28859 | Orc:2    | Found a roughly hewn altar of Beogh.
 28887 | Orc:2    | Found a roughly hewn altar of Beogh.
 29031 | Orc:2    | Found a roughly hewn altar of Beogh.
 29216 | Orc:1    | Noticed an orc warlord
 29219 | Orc:1    | Killed an orc warlord
 30540 | D:14     | Found a gate to the Vaults.
 30573 | D:14     | Gained mutation: You are dopey. (Int -2) [a neqoxec]
 30574 | D:14     | Reached skill level 10 in Fighting
 30574 | D:14     | Reached skill level 10 in Short Blades
 30574 | D:14     | Reached skill level 10 in Long Blades
 30574 | D:14     | Reached skill level 10 in Axes
 30574 | D:14     | Reached skill level 10 in Maces & Flails
 30574 | D:14     | Reached skill level 10 in Polearms
 30574 | D:14     | Reached skill level 10 in Staves
 30574 | D:14     | Reached skill level 10 in Slings
 30574 | D:14     | Reached skill level 10 in Bows
 30574 | D:14     | Reached skill level 10 in Crossbows
 30574 | D:14     | Reached skill level 10 in Throwing
 30574 | D:14     | Reached skill level 10 in Armour
 30574 | D:14     | Reached skill level 10 in Shields
 30574 | D:14     | Reached skill level 10 in Unarmed Combat
 30574 | D:14     | Reached skill level 10 in Evocations
 30600 | D:14     | Offered knowledge of Lee's Rapid Deconstruction by Vehumet.
 30963 | D:15     | Entered Level 15 of the Dungeon
 31528 | D:15     | Noticed Jorgrun
 31532 | D:15     | Killed Jorgrun
 31532 | D:15     | Reached XP level 16. HP: 123/123 MP: 7/31
 31556 | D:15     | Found Hyrotuza's Magic Scroll Emporium.
 31749 | D:15     | Noticed Roxanne
 32395 | D:15     | Killed Roxanne
 32717 | D:15     | Noticed Josephine
 32721 | D:15     | Killed Josephine
 32939 | D:15     | Found a staircase to the Depths.
 33246 | Orc:2    | Bought heavily runed quicksilver dragon scales for 2080
                  | gold pieces
 33256 | Orc:2    | Identified the cursed quicksilver dragon scales of
                  | Hide-and-Seek {rC+ MR+ Int+4} (You bought it in a shop on
                  | level 2 of the Orcish Mines)
 33559 | Swamp:1  | Entered Level 1 of the Swamp
 33963 | Swamp:1  | Offered knowledge of Bolt of Magma by Vehumet.
 34020 | Swamp:1  | Noticed Nikola
 34026 | Swamp:1  | Killed Nikola
 34599 | Swamp:1  | Learned a level 5 spell: Bolt of Magma
 35382 | Swamp:2  | Noticed a thorn hunter
 35386 | Swamp:2  | Killed a thorn hunter
 36127 | Swamp:2  | Reached skill level 11 in Shields
 36807 | Swamp:3  | Reached XP level 17. HP: 131/131 MP: 21/33
 37549 | Swamp:4  | Entered Level 4 of the Swamp
 37583 | Swamp:4  | Found a frozen archway.
 37705 | IceCv    | Entered an ice cave
 37926 | IceCv    | Offered knowledge of Ignition by Vehumet.
 38607 | Swamp:4  | Learned a level 8 spell: Ignition
 39166 | Swamp:4  | Reached ****** piety under Vehumet
 39243 | Swamp:4  | Offered knowledge of Lehudib's Crystal Spear by Vehumet.
 39243 | Swamp:4  | Offered knowledge of Shatter by Vehumet.
 39243 | Swamp:4  | Offered knowledge of Chain Lightning by Vehumet.
 39340 | Swamp:4  | Noticed the 27-headed Lernaean hydra
 39417 | Swamp:4  | Killed the 27-headed Lernaean hydra
 39551 | Swamp:4  | Got a decaying rune of Zot
 39576 | Swamp:4  | Got a scorched scimitar
 39577 | Swamp:4  | Identified the +9 scimitar of Gravity {vorpal, rElec Dex+2}
                  | (You found it on level 4 of the Swamp)
 40182 | Spider:1 | Entered Level 1 of the Spider Nest
 40910 | Spider:1 | Reached skill level 10 in Conjurations
 40910 | Spider:1 | Reached skill level 10 in Hexes
 40910 | Spider:1 | Reached skill level 10 in Charms
 40910 | Spider:1 | Reached skill level 10 in Summonings
 40910 | Spider:1 | Reached skill level 10 in Necromancy
 40910 | Spider:1 | Reached skill level 10 in Translocations
 40910 | Spider:1 | Reached skill level 10 in Transmutations
 40910 | Spider:1 | Reached skill level 10 in Fire Magic
 40910 | Spider:1 | Reached skill level 10 in Air Magic
 40910 | Spider:1 | Reached skill level 10 in Earth Magic
 40910 | Spider:1 | Reached skill level 10 in Poison Magic
 41239 | Spider:1 | Reached XP level 18. HP: 139/139 MP: 34/34
 41673 | Spider:2 | Noticed Donald
 41675 | Spider:2 | Killed Donald
 42595 | Spider:3 | Reached skill level 12 in Shields
 43263 | Spider:4 | Entered Level 4 of the Spider Nest
 44700 | Spider:4 | Reached XP level 19. HP: 147/147 MP: 23/36
 44838 | Spider:4 | Got a gossamer rune of Zot
 46116 | Vaults:1 | Entered Level 1 of the Vaults
 46745 | Vaults:1 | Found Vihy's Jewellery Emporium.
 46957 | Vaults:1 | Paralysed by a great orb of eyes for 5 turns
 48253 | Vaults:2 | Noticed Jory
 48482 | Vaults:2 | Found a staircase to the Crypt.
 48482 | Vaults:2 | Found an ancient bone altar of Kikubaaqudgha.
 48483 | Vaults:2 | Found a basalt altar of Yredelemnul.
 48648 | Vaults:2 | Learned a level 8 spell: Lehudib's Crystal Spear
 48652 | Vaults:2 | Learned a level 2 spell: Blink
 48768 | Vaults:2 | Reached XP level 20. HP: 155/155 MP: 36/37
 48890 | Vaults:2 | Killed Jory
 48890 | Vaults:2 | Reached skill level 13 in Shields
 49459 | Vaults:2 | Got a slimy lead ring
 49461 | Vaults:2 | Identified the ring "Uffedinu" {MR+ AC+4} (You found it on
                  | level 2 of the Vaults)
 52748 | Vaults:4 | Reached XP level 21. HP: 151/163 MP: 39/39
 54194 | Depths:1 | Entered Level 1 of the Depths
 54764 | Depths:1 | Found a shattered altar of Ashenzari.
 55096 | Depths:1 | Found a one-way gate leading to the halls of Pandemonium.
 55344 | Depths:1 | Found a gateway to a ziggurat.
 55435 | Depths:1 | Found a gateway to Hell.
 55450 | Depths:1 | Reached skill level 15 in Invocations
 56473 | Depths:2 | Reached skill level 14 in Shields
 56541 | Depths:2 | Noticed Bai Suzhen
 56579 | Depths:2 | Killed Bai Suzhen
 56581 | Depths:2 | Found Tosalaer's Gadget Shoppe.
 57097 | Depths:2 | Noticed Sojobo
 57110 | Depths:2 | Killed Sojobo
 57110 | Depths:2 | Reached XP level 22. HP: 113/172 MP: 7/40
 57541 | Depths:2 | Noticed Aizul
 57547 | Depths:2 | Killed Aizul
 58255 | Depths:2 | Reached skill level 15 in Spellcasting
 59184 | Depths:3 | Reached skill level 15 in Dodging
 59551 | Depths:3 | Noticed an ancient lich
 59821 | Depths:3 | Reached skill level 15 in Stealth
 60839 | Depths:3 | Identified the Reference Book on Evil
 60847 | Depths:3 | Learned a level 5 spell: Borgnjor's Vile Clutch
 61423 | Depths:3 | Reached XP level 23. HP: 179/179 MP: 42/42
 61971 | Depths:3 | Killed an ancient lich
 62618 | Depths:4 | Found a one-way gate to the infinite horrors of the Abyss.
 62664 | Depths:4 | Got a smouldering ring mail
 62671 | Depths:4 | Identified the +0 ring mail "Kanwymae" {MR+++ MP-9 Str-4
                  | Dex+4} (You found it on level 4 of the Depths)
 63299 | Depths:4 | Reached skill level 15 in Fighting
 63299 | Depths:4 | Reached skill level 15 in Short Blades
 63299 | Depths:4 | Reached skill level 15 in Long Blades
 63299 | Depths:4 | Reached skill level 15 in Axes
 63299 | Depths:4 | Reached skill level 15 in Maces & Flails
 63299 | Depths:4 | Reached skill level 15 in Polearms
 63299 | Depths:4 | Reached skill level 15 in Staves
 63299 | Depths:4 | Reached skill level 15 in Slings
 63299 | Depths:4 | Reached skill level 15 in Bows
 63299 | Depths:4 | Reached skill level 15 in Crossbows
 63299 | Depths:4 | Reached skill level 15 in Throwing
 63299 | Depths:4 | Reached skill level 15 in Armour
 63299 | Depths:4 | Reached skill level 15 in Shields
 63299 | Depths:4 | Reached skill level 15 in Unarmed Combat
 63299 | Depths:4 | Reached skill level 15 in Evocations
 63497 | Depths:4 | Identified the cursed ring "Rorhed" {rPois rN+ MR+ Str-4}
 63587 | Depths:4 | Noticed a caustic shrike
 63594 | Depths:4 | Killed a caustic shrike
 63607 | Depths:4 | Noticed a juggernaut
 63644 | Depths:4 | Killed a juggernaut
 64142 | Depths:5 | Entered Level 5 of the Depths
 64142 | Depths:5 | Noticed a juggernaut
 64147 | Depths:5 | Killed a juggernaut
 64395 | Depths:5 | Noticed Frederick
 64404 | Depths:5 | Killed Frederick
 64714 | Depths:5 | Reached XP level 24. HP: 146/189 MP: 21/42
 64886 | Depths:5 | Noticed a juggernaut
 64893 | Depths:5 | Killed a juggernaut
 65437 | Depths:5 | Found Ymon's Food Boutique.
 66561 | Depths:5 | Found a gate to the Realm of Zot.
 66905 | Elf:1    | Entered Level 1 of the Elven Halls
 67115 | Elf:1    | Noticed Kirke
 67123 | Elf:1    | Killed Kirke
 67208 | Elf:1    | Identified the Papyrus of the Escort
 67574 | Elf:1    | Found a radiant altar of Vehumet.
 68129 | Elf:2    | Found an ancient bone altar of Kikubaaqudgha.
 68395 | Elf:2    | Found a huge runed translucent gate.
 68395 | Elf:2    | Found a huge runed translucent gate.
 68395 | Elf:2    | Found a huge runed translucent gate.
 68396 | Elf:2    | Found a huge runed translucent gate.
 68398 | Elf:2    | Found a huge runed translucent gate.
 68494 | Elf:2    | Found Arry Ripn's Jewellery Emporium.
 69534 | Elf:3    | Entered Level 3 of the Elven Halls
 69534 | Elf:3    | Found a shimmering blue altar of Sif Muna.
 70264 | Elf:3    | Reached skill level 15 in Ice Magic
 70361 | Elf:3    | Reached XP level 25. HP: 186/197 MP: 43/43
 70366 | Elf:3    | Noticed Mara
 70367 | Elf:3    | Identified the +7 scimitar of Puleufui {elec, MP+9 Str+4}
 70383 | Elf:3    | Killed Mara
 70472 | Elf:3    | Reached skill level 16 in Shields
 70482 | Elf:3    | Identified the cursed +2 short sword of the Wary Dreams
                  | {drain, *Corrode rElec rPois}
 70508 | Elf:3    | Identified the ring of Zesaunoole {rPois AC+4}
 70653 | Elf:3    | Got a crude dagger
 70654 | Elf:3    | Identified the +3 dagger "Suysyce" {venom, rN+ MR++} (You
                  | found it on level 3 of the Elven Halls)
 70667 | Elf:3    | Found the +8 longbow "Zephyr" {speed, Dex+3 SInv}
 70863 | Elf:3    | Got a pitted hand crossbow
 70864 | Elf:3    | Identified the cursed +1 hand crossbow of the Orcish Mines
                  | {vorpal, *Corrode +Inv rElec Int+3} (You found it on level
                  | 3 of the Elven Halls)
 70877 | Elf:3    | Got a masterwork fustibalus
 70878 | Elf:3    | Identified the +4 fustibalus of Doors {speed, *Contam rN++
                  | MR+} (You found it on level 3 of the Elven Halls)
 70880 | Elf:3    | Gained mutation: You have a pair of small horns on your
                  | head. [mutagenic glow]
 71507 | Crypt:1  | Entered Level 1 of the Crypt
 72937 | Crypt:1  | Identified the Volume of Scorching Stones
 73670 | Crypt:2  | Noticed Saint Roka
 73851 | Crypt:2  | Killed Saint Roka
 75332 | Crypt:3  | Entered Level 3 of the Crypt
 75583 | Crypt:3  | Reached XP level 26. HP: 206/206 MP: 43/43
 76040 | Crypt:3  | Found an ancient bone altar of Kikubaaqudgha.
 76040 | Crypt:3  | Noticed an ancient lich
 76042 | Crypt:3  | Killed an ancient lich
 76092 | Crypt:3  | Identified Rites and Rhymes Continued
 76098 | Crypt:3  | Got a shimmering golden ring
 76099 | Crypt:3  | Identified the cursed ring of Ymaag {rC+ AC-4 Int+3 Stlth-}
                  | (You found it on level 3 of the Crypt)
 76107 | Crypt:3  | Got a scorched pewter ring
 76107 | Crypt:3  | Got a crude iron ring
 76108 | Crypt:3  | Identified the ring "Igatz" {rN+ Str+3} (You found it on
                  | level 3 of the Crypt)
 76109 | Crypt:3  | Identified the ring "Ilasatou" {rC+ rN+ Str+2 Slay+5} (You
                  | found it on level 3 of the Crypt)
 76320 | Crypt:3  | Reached skill level 17 in Shields
 76573 | Crypt:3  | Noticed Khufu
 76718 | Vaults:5 | Entered Level 5 of the Vaults
 77862 | Vaults:5 | Noticed Mennas
 78552 | Vaults:5 | Got a flickering tin amulet
 78553 | Vaults:5 | Identified the amulet of Wun Upli {Inacc MR+ Int+6} (You
                  | found it on level 5 of the Vaults)
 78565 | Vaults:5 | Got a warped jade ring
 78566 | Vaults:5 | Identified the ring of Roaqoim {rC+ Slay+3} (You found it
                  | on level 5 of the Vaults)
 78618 | Vaults:5 | Found the ring of the Octopus King
 78724 | Vaults:5 | Got a ring of the Octopus King
 78726 | Vaults:5 | Identified a ring of the Octopus King {AC+1 EV+1 Str+1
                  | Int+1 Dex+1 SInv} (You found it on level 5 of the Vaults)
 78737 | Vaults:5 | Got a dazzling falchion
 78743 | Vaults:5 | Got a steaming long sword
 78744 | Vaults:5 | Identified the +2 long sword of Charity {drain, Int+4 SInv}
                  | (You found it on level 5 of the Vaults)
 78746 | Vaults:5 | Identified the +5 falchion of Winter {holy, rN+ Dex+2} (You
                  | found it on level 5 of the Vaults)
 79067 | Vaults:5 | Found the +2 ratskin cloak {+Rats rPois rN+ Str-1 Int-1
                  | Dex+1}
 79173 | Vaults:5 | Got a pair of steaming boots
 79188 | Vaults:5 | Got a silver rune of Zot
 79199 | Vaults:5 | Identified the +0 pair of boots of the Forgotten Planets
                  | {rElec Int+3} (You found it on level 5 of the Vaults)
 79248 | Vaults:5 | Found Raon's Distillery.
 79252 | Vaults:5 | Reached XP level 27. HP: 214/214 MP: 44/44
 79902 | Crypt:3  | Reached skill level 18 in Shields
 80206 | Crypt:3  | Noticed a greater mummy
 80222 | Crypt:3  | Killed a greater mummy
 80269 | Crypt:3  | Learned a level 5 spell: Aura of Abjuration
 80464 | Crypt:3  | Killed Khufu
 80676 | Crypt:3  | Found a staircase to the Tomb.
 81328 | Slime:1  | Entered Level 1 of the Pits of Slime
 81445 | Slime:1  | Gained mutation: You are clumsy. (Dex -2) [a shining eye]
 82719 | Depths:4 | Voluntarily entered the Abyss.
 83377 | Abyss:3  | Found an iron altar of Okawaru.
 83787 | Abyss:3  | Reached skill level 15 in Conjurations
 83787 | Abyss:3  | Reached skill level 15 in Hexes
 83787 | Abyss:3  | Reached skill level 15 in Charms
 83787 | Abyss:3  | Reached skill level 15 in Summonings
 83787 | Abyss:3  | Reached skill level 15 in Necromancy
 83787 | Abyss:3  | Reached skill level 15 in Translocations
 83787 | Abyss:3  | Reached skill level 15 in Transmutations
 83787 | Abyss:3  | Reached skill level 15 in Fire Magic
 83787 | Abyss:3  | Reached skill level 15 in Air Magic
 83787 | Abyss:3  | Reached skill level 15 in Earth Magic
 83787 | Abyss:3  | Reached skill level 15 in Poison Magic
 83904 | Abyss:3  | Got an abyssal rune of Zot
 83919 | Abyss:3  | Got a twisted whip
 84794 | Depths:4 | Escaped the Abyss
 84871 | Zot:1    | Entered Level 1 of the Realm of Zot
 84985 | Zot:1    | Reached skill level 19 in Shields
 85522 | Zot:1    | Identified the +7 whip of Imakus {flame, rF+} (You found it
                  | on level 3 of the Abyss)
 87040 | Zot:2    | Identified the +4 dragonskin cloak
 87040 | Zot:2    | Noticed Tiamat
 87051 | Zot:2    | Killed Tiamat
 87922 | Zot:3    | Reached skill level 20 in Shields
 90461 | Zot:5    | Entered Level 5 of the Realm of Zot
 91576 | Hell     | Entered the Vestibule of Hell
 91576 | Hell     | Noticed Geryon
 91582 | Hell     | Killed Geryon
 91976 | Hell     | Found a gateway to the ashen valley of Gehenna.
 92146 | Hell     | Reached skill level 21 in Shields
 92356 | Hell     | Found a gateway to the decaying netherworld of Tartarus.
 92593 | Hell     | Found a gateway to the freezing wastes of Cocytus.
 92859 | Hell     | Found a gateway to the Iron City of Dis.
 93195 | Geh:1    | Entered Level 1 of Gehenna
 98054 | Geh:3    | Reached skill level 22 in Shields
100277 | Coc:1    | Entered Level 1 of Cocytus
104011 | Coc:3    | Reached skill level 23 in Shields
110439 | Coc:5    | Reached skill level 24 in Shields
112452 | Coc:7    | Entered Level 7 of Cocytus
114708 | Coc:7    | Got a pair of heavily runed boots
114709 | Coc:7    | Identified the +1 pair of boots of Honour {Int+4} (You
                  | found it on level 7 of Cocytus)
116076 | Coc:7    | Reached skill level 25 in Shields
117363 | Coc:7    | Noticed Antaeus
117387 | Coc:7    | Killed Antaeus
117613 | Coc:7    | Got an icy rune of Zot
119935 | Geh:5    | Reached skill level 26 in Shields
123535 | Geh:7    | Entered Level 7 of Gehenna
124536 | Geh:7    | Noticed the Serpent of Hell
125038 | Geh:7    | Killed the Serpent of Hell
125041 | Geh:7    | HP: 11/233 [hell knight/+3 vorpal halberd[the effects of
                  | Hell] (2)]
126705 | Geh:7    | Identified the +7 sceptre of Asmodeus
126705 | Geh:7    | Noticed Asmodeus
126717 | Geh:7    | Killed Asmodeus
126724 | Geh:7    | Got an obsidian rune of Zot
127157 | Tar:1    | Entered Level 1 of Tartarus
128084 | Tar:1    | Found a burning altar of Makhleb.
128900 | Tar:1    | Found a burning altar of Makhleb.
130638 | Tar:2    | Reached skill level 27 in Shields
130796 | Tar:2    | HP: 6/234 [bone dragon[the effects of Hell] (10)]
130796 | Tar:2    | Slain by a bone dragon

Illustrated notes

Levels and vault maps discovered:
D:1:      mrwooster_arrival_arrow, layout_loops_corners
D:2:      layout_basic, hangedman_decor_clover_reticule
D:3:      layout_basic, lemuel_doored_altar, cheibrodos_sewer_entry_sluice
D:4:      layout_loops_cross, fedhas_bush_and_centaur_altar,
          nicolae_ossuary_entry_false_entrances, serial_shops,
          nicolae_shop_crystal
D:5:      minmay_inner_zag, layout_rooms, lemuel_coloured_pillars_altar,
          marbit_many_paths, minmay_temple_entry_glass, serial_undead,
          serial_undead_d, serial_undead_a, serial_undead_c, serial_undead_e,
          serial_shops, nicolae_shop_stone, first_ration
D:6:      layout_basic, minmay_misc_feat_iff
D:7:      layout_basic, grunt_temple_overflow_order_and_chaos_1,
          nicolae_overflow_crystal_walls
D:8:      layout_rooms, kennysheep_mini_moat, grunt_temple_overflow_diamond,
          erik_lair_dragon, grunt_pizzeria, uniq_prince_ribbit1, uniq_gastronok
D:9:      minmay_sliced_demisemicircle, layout_basic, overflow_temple_1_default,
          kiku_gazebo_garden_becter, gammafunk_ghost_arena
D:10:     layout_small_grid, minivault_19
D:11:     layout_roguey, erik_orc_1, lemuel_angel_altar
D:12:     layout_loops_cross, eino_tiny_chamber
D:13:     layout_gridville, special_room [special_room_orc], drop_trap
D:14:     layout_irregular_city, david_vaults_5, nicolae_wwwww
D:15:     hangedman_depths_entry_try_elsewhere_first, layout_cave_pods,
          serial_shops, shop, minmay_misc_feat_more_columns, uniq_josephine,
          uniq_roxanne, uniq_jorgrun
Temple:   jpeg_temple_island
Lair:1:   layout_hall_layers, grunt_megastairs_2, serial_bayou_shore_a
Lair:2:   layout_long_grid, swamp_mist_pool, uniq_fannar
Lair:3:   layout_cave_pods, gammafunk_ghost_arena, beast_lair_carwin_2
Lair:4:   layout_cave_pods, spider_nest_entry_funnel_web
Lair:5:   layout_regular_city, grunt_megastairs_5
Lair:6:   minmay_lair_end_frog_pond, layout_cave_pods, minmay_slime_entry_eyes,
          lemuel_fruit_fields
Swamp:1:  layout_falls_marsh, hangedman_swamp_ruin_wall, swamp_pool4,
          hangedman_swamp_pad, grunt_hermit_hut, infiniplex_staircase_pool,
          uniq_nikola
Swamp:2:  layout_basic_swamp, evilmike_swamp_ruin_wall, swamp_pool2
Swamp:3:  layout_basic_swamp, nicolae_swamp_trees_clearing
Swamp:4:  grunt_swamp_rune_castle, layout_basic_swamp,
          portal_ice_cave_entry_pillars_1
Spider:1: layout_spider_delve, special_room [special_room_bee]
Spider:2: layout_spider_delve, nicolae_crawler_farm, uniq_donald
Spider:3: layout_spider_delve, nicolae_orb_stairs
Spider:4: floodkiller_spider_rune_tomb, drop_trap
Slime:1:  layout_caves, nicolae_slime_barrier
Slime:2:  layout_caves
Orc:1:    layout_caves, basic_altar
Orc:2:    grunt_orc_community_town_hall, layout_caves,
          grunt_orc_community_big_house_1, grunt_orc_community_big_house_1,
          grunt_orc_community_house_2, grunt_orc_community_house_1,
          grunt_orc_community_house_2, grunt_orc_community_house_2, basic_altar,
          nicolae_orc_rockfall
Elf:1:    eino_elf_arrival_customs, layout_loops_ring, basic_altar,
          minmay_elf_demonology, hex_large, uniq_kirke
Elf:2:    layout_geoelf_octagon, basic_altar, serial_shops, shop, special_room
          [special_room_orc]
Elf:3:    minmay_elf_hall_spiked, layout_geoelf_diagonals, basic_altar,
          serial_sigils_hangedman_carve, grunt_ministairs_11,
          guppyfry_library_mini, uniq_mara
Vaults:1: nicolae_vaults_mini_display_case, nicolae_vaults_rhombus_5, v_misc_12,
          vaults_dpeg_spiral, vaults_room_stairs_pillars, v_misc_4,
          vaults_mumra_minichess, v_pattern_4, dpeg_vaults_monster_box,
          layout_vaults_quadrants, serial_shops, shop
Vaults:2: vaults_room_grunt_arrival_checkpoint, minmay_crypt_entry_necro_gods,
          v_pattern_1, ontoclasm_vaults_tryst, ontoclasm_vaults_shuriken,
          nicolae_vaults_alarming, nicolae_vaults_three_branches,
          nicolae_vaults_network_star, ontoclasm_vaults_loading_screen,
          hangedman_vaults_slice, nicolae_vaults_little_squares_6,
          nicolae_vaults_display_case, hangedman_vaults_impose, v_misc_19,
          vaults_room_semicircle, layout_vaults_omnibox, uniq_jory
Vaults:3: grunt_vaults_trifunnel, nicolae_vaults_shelves_hall,
          vaults_mumra_bighexcomb, v_misc_3, ontoclasm_vaults_loading_screen,
          nicolae_vaults_network_quincunx
          [nicolae_vaults_network_quincunx_subvault,
          nicolae_vaults_network_quincunx_subvault,
          nicolae_vaults_network_quincunx_subvault,
          nicolae_vaults_network_quincunx_subvault,
          nicolae_vaults_network_quincunx_subvault], vaults_room_ringed_pool,
          v_alt_pattern_5, hangedman_vaults_pinch,
          nicolae_vaults_little_squares_2, layout_vaults_big_cross
Vaults:4: vaults_room_glass_cross, nicolae_vaults_circle_grid_b,
          vaults_dpeg_doors, vaults_dpeg_diagonal, nicolae_vaults_asterisk,
          ontoclasm_vaults_misaligned, hangedman_vaults_trim,
          nicolae_vaults_ring_of_whatevers, vaults_mumra_hex,
          vaults_dpeg_encased_lava, layout_vaults_chaotic_city
Vaults:5: uniq_mennas
Crypt:1:  layout_regular_city, lemuel_statue_altar
Crypt:2:  layout_misc_corridors, uniq_saint_roka
Crypt:3:  cryptofortress_bobbens, uniq_khufu
Depths:1: layout_gridlike, enter_ziggurat_c, serial_sigils_hangedman_etch,
          grunt_mini_vestibule, grunt_pan_entry_zigzag, evilmike_ruin_ashenzari
Depths:2: minmay_octagon_keep, layout_gridlike, serial_shops,
          nicolae_shop_waterfront, grunt_hell_entry_dis_mu,
          chequers_serial_rivers_large_a, uniq_aizul, uniq_sojobo,
          uniq_bai_suzhen
Depths:3: mu_elephants_graveyard, layout_basic, special_room
          [special_room_morgue], pan_entry, pf_dread_powers_of_hell,
          serial_bayou_lagoon_a, minmay_evil_grid
Depths:4: minmay_the_grid_triangle_9x9_rhombus_full
          [minmay_the_grid_triangle_9x9_impossible_snake,
          minmay_the_grid_triangle_9x9_minimal,
          minmay_the_grid_triangle_9x9_warning,
          minmay_the_grid_triangle_9x9_zippers_vertical,
          minmay_the_grid_triangle_9x9_longest,
          minmay_the_grid_triangle_9x9_alien,
          minmay_the_grid_triangle_9x9_flanged_cone,
          minmay_the_grid_triangle_9x9_prize_center], layout_cave_pools,
          hangedman_coc_ice_floe, abyss_entry_crystal, pan_entry
Depths:5: grunt_x_marks_the_spot, layout_cave_pools, hell_entry,
          rand_demon_pan_entry_4, serial_shops, nicolae_shop_stone,
          uniq_frederick
Hell
Geh:1:    layout_gehenna_lava_caves
Geh:2:    layout_gehenna_pools_box, grunt_megastairs_1
Geh:3:    layout_gehenna_lava_caves
Geh:4:    layout_gehenna_pools_basic
Geh:5:    layout_gehenna_lava_caves
Geh:6:    layout_gehenna_lava_caves
Geh:7:    geh_old
Coc:1:    layout_cocytus_water_paths
Coc:2:    layout_cocytus_water_paths
Coc:3:    layout_ice_bergs
Coc:4:    layout_cocytus_water_paths
Coc:5:    layout_ice_bergs
Coc:6:    layout_ice_bergs
Coc:7:    coc_grunt
Tar:1:    layout_grid_maze, hangedman_feature_mirror
Tar:2:    layout_grid_maze
Zot:1:    layout_gridville
Zot:2:    layout_gridlike, uniq_tiamat
Zot:3:    layout_twisted_circle
Zot:4:    layout_cathedral_of_symmetry, st_small_dragon_hoard_4
Zot:5:    layout_cathedral_of_symmetry, skrybe_zot_glass_3

Skill      XL: |  1  2  3  4  5  6  7  8  9 10 11 12 13 14 15 16 17 18 19 20 21 22 23 24 25 26 27 |
---------------+----------------------------------------------------------------------------------+-----
Spellcasting   | 5 6 7 8 9 10 11 12 13 14 15 16 17 23 | 23.4
Invocations    | 1 2 3 4 5 6 7 8 9 10 11 12 13 14 15 16 17 18 24 | 24.8
Fighting       | 1 2 3 4 5 6 7 8 9 10 11 12 13 14 15 16 17 23 | 23.1
Short Blades   | 1 2 3 4 5 6 7 8 9 10 11 12 13 14 15 16 17 23 | 23.1
Long Blades    | 1 2 3 4 5 6 7 8 9 10 11 12 13 14 15 16 17 23 | 23.1
Axes           | 1 2 3 4 5 6 7 8 9 10 11 12 13 14 15 16 17 23 | 23.1
Maces & Flails | 1 2 3 4 5 6 7 8 9 10 11 12 13 14 15 16 17 23 | 23.1
Polearms       | 1 2 3 4 5 6 7 8 9 10 11 12 13 14 15 16 17 23 | 23.1
Staves         | 1 2 3 4 5 6 7 8 9 10 11 12 13 14 15 16 17 23 | 23.1
Slings         | 1 2 3 4 5 6 7 8 9 10 11 12 13 14 15 16 17 23 | 23.1
Bows           | 1 2 3 4 5 6 7 8 9 10 11 12 13 14 15 16 17 23 | 23.1
Crossbows      | 1 2 3 4 5 6 7 8 9 10 11 12 13 14 15 16 17 23 | 23.1
Throwing       | 1 2 3 4 5 6 7 8 9 10 11 12 13 14 15 16 17 23 | 23.1
Armour         | 1 2 3 4 5 6 7 8 9 10 11 12 13 14 15 16 17 23 | 23.1
Shields        | 1 2 3 4 5 6 7 8 9 10 11 12 13 14 15 16 17 27 | 27.0
Unarmed Combat | 1 2 3 4 5 6 7 8 9 10 11 12 13 14 15 16 17 23 | 23.1
Evocations     | 1 2 3 4 5 6 7 8 9 10 11 12 13 14 15 16 17 23 | 23.1
Conjurations   | 1 2 3 4 5 6 7 8 9 10 11 12 13 14 20 | 20.1
Hexes          | 1 2 3 4 5 6 7 8 9 10 11 12 13 14 20 | 20.1
Charms         | 1 2 3 4 5 6 7 8 9 10 11 12 13 14 20 | 20.1
Summonings     | 1 2 3 4 5 6 7 8 9 10 11 12 13 14 20 | 20.1
Necromancy     | 1 2 3 4 5 6 7 8 9 10 11 12 13 14 20 | 20.1
Translocations | 1 2 3 4 5 6 7 8 9 10 11 12 13 14 20 | 20.1
Transmutations | 1 2 3 4 5 6 7 8 9 10 11 12 13 14 20 | 20.1
Fire Magic     | 1 2 3 4 5 6 7 8 9 10 11 12 13 14 20 | 20.1
Air Magic      | 1 2 3 4 5 6 7 8 9 10 11 12 13 14 20 | 20.1
Earth Magic    | 1 2 3 4 5 6 7 8 9 10 11 12 13 14 20 | 20.1
Poison Magic   | 1 2 3 4 5 6 7 8 9 10 11 12 13 14 20 | 20.1
Dodging        | 5 6 7 8 9 10 11 12 13 14 15 16 17 23 | 23.4
Stealth        | 5 6 7 8 9 10 11 12 13 14 15 16 17 23 | 23.4
Ice Magic      | 8 9 10 11 12 13 14 15 20 | 20.9

Action                   |  1- 3 |  4- 6 |  7- 9 | 10-12 | 13-15 | 16-18 | 19-21 | 22-24 | 25-27 || total
-------------------------+-------+-------+-------+-------+-------+-------+-------+-------+-------++-------
Melee: Unarmed           |    29 |     3 |       |       |       |       |       |       |       ||    32
       Bite              |     2 |     4 |    21 |    26 |    26 |    71 |    72 |   106 |  1114 ||  1442
       Long sword        |       |    65 |       |       |       |       |       |       |  4624 ||  4689
       Staff             |       |     7 |   171 |   147 |   248 |   245 |       |       |       ||   818
       Punch             |       |     2 |     3 |     2 |       |       |       |       |       ||     7
       Scimitar          |       |       |       |       |       |   243 |   555 |   336 |       ||  1134
       Whip              |       |       |       |       |       |       |       |   419 |   831 ||  1250
       Dagger            |       |       |       |       |       |       |       |       |   424 ||   424
       Headbutt          |       |       |       |       |       |       |       |       |  1827 ||  1827
 Fire: Arbalest          |       |       |       |    17 |       |       |       |       |       ||    17
Throw: Dart              |       |       |       |     2 |       |       |       |       |       ||     2
       Javelin           |       |       |       |       |     5 |       |       |     1 |    15 ||    21
 Cast: Freeze            |    34 |    13 |    26 |    66 |    40 |       |       |       |       ||   179
       Frozen Ramparts   |     7 |    15 |    38 |    55 |    52 |    17 |    45 |    38 |    55 ||   322
       Summon Ice Beast  |       |     1 |    15 |    27 |    60 |    22 |    18 |    11 |     6 ||   160
       Hailstorm         |       |       |    41 |   115 |    93 |       |       |       |       ||   249
       Freezing Cloud    |       |       |       |       |    19 |     3 |     5 |     6 |    22 ||    55
       Sticky Flame      |       |       |       |       |    26 |     3 |       |       |       ||    29
       Ozocubu's Refrige |       |       |       |       |   114 |   322 |   236 |   237 |   848 ||  1757
       Bolt of Magma     |       |       |       |       |       |    44 |    10 |    56 |   697 ||   807
       Lehudib's Crystal |       |       |       |       |       |       |    13 |    76 |   977 ||  1066
       Borgnjor's Vile C |       |       |       |       |       |       |       |     3 |    21 ||    24
       Blink             |       |       |       |       |       |       |       |       |    26 ||    26
       Ignition          |       |       |       |       |       |       |       |       |   115 ||   115
       Aura of Abjuratio |       |       |       |       |       |       |       |       |     3 ||     3
Evoke: Wand              |       |       |       |       |    18 |     5 |     6 |     5 |    29 ||    63
  Use: Scroll            |       |       |     7 |       |    19 |     9 |     5 |     5 |    21 ||    66
       Potion            |       |       |       |       |       |       |       |       |    10 ||    10
 Stab: Sleeping          |     1 |     5 |       |     2 |     2 |     4 |    16 |    11 |    29 ||    70
       Distracted        |       |       |     1 |     2 |     4 |     4 |     2 |     3 |    14 ||    30
  Eat: Chunk             |     3 |     8 |    23 |    24 |    54 |    24 |    35 |    45 |    67 ||   283
       Ration            |       |       |     1 |       |     3 |     7 |     3 |     2 |    41 ||    57
Armor: Robe              |     7 |    16 |    17 |       |       |       |       |       |       ||    40
       Leather armour    |       |       |    10 |    55 |    25 |       |       |       |       ||    90
       Ring mail         |       |       |       |       |    58 |     6 |       |       |       ||    64
       Quicksilver drago |       |       |       |       |       |   240 |   223 |   214 |  1960 ||  2637
Dodge: Dodged            |    45 |    89 |   197 |   168 |   222 |   412 |   369 |   413 |  5121 ||  7036
Block: Buckler           |       |       |       |    11 |   101 |   200 |   231 |   170 |  2905 ||  3618
       Rpst.: Long sword |       |    20 |       |       |       |       |       |       |   835 ||   855
       Scimitar          |       |       |       |       |       |    53 |    69 |    40 |       ||   162
